TOP OF THE 1ST |
St. Louis Coeur batting - Pitching for Greenville 84s : RHP Iván Vázquez
|
Pitching: RHP Iván Vázquez
|
|
Batting: RHB Guillermo Coss
|
0-0: Ball 1-0: Called Strike 1-1: Foul Ball, location: 2F 1-2: Ball 2-2: DOUBLE (Line Drive, 9LM, EV 105.6 MPH)
|
Batting: RHB Jaime Soto
|
0-0: Swinging Strike 0-1: Foul Ball, location: 2F 0-2: Strikes out swinging
|
Batting: LHB Qing-nian Zexian
|
0-0: Called Strike 0-1: Foul Ball, location: 2F 0-2: Ball 1-2: Ball 2-2: Ball 3-2: Foul Ball, location: 2F 3-2: Foul Ball, location: 2F 3-2: SINGLE (Line Drive, 56D, EV 95.0 MPH) Guillermo Coss to third
|
Batting: RHB Nobuhisa Murakami
|
0-0: Ball 1-0: Ball 2-0: Ground out 5-3 (Groundball, 5S, EV 73.8 MPH) Guillermo Coss scores Qing-nian Zexian to second
|
Batting: RHB Joel Iyiegbuniwe
|
0-0: Ball 1-0: Called Strike 1-1: Swinging Strike 1-2: Ground out 5-3 (Groundball, 56, EV 92.5 MPH)
|
Top of the 1st over - 1 run, 2 hits, 0 errors, 1 left on base; St. Louis 1 - Greenville 0 |
BOTTOM OF THE 1ST |
Greenville 84s batting - Pitching for St. Louis Coeur : RHP Ernesto López
|
Pitching: RHP Ernesto López
|
|
Batting: SHB Glyn Bolasky
|
0-0: Called Strike 0-1: Ball 1-1: Foul Ball, location: 2F 1-2: Ball 2-2: Foul Ball, location: 2F 2-2: Fly out, F7 (Flyball, 7D, EV 101.9 MPH)
|
Batting: LHB Philip Visscher
|
0-0: Ball 1-0: Swinging Strike 1-1: Swinging Strike 1-2: Ball 2-2: Ball 3-2: SOLO HOME RUN (Flyball, 9D, EV 105.6 MPH), Distance : 366 ft
|
Batting: RHB Ángelo Delgado
|
0-0: Ball 1-0: Swinging Strike 1-1: Swinging Strike 1-2: Ball 2-2: DOUBLE (Flyball, 78XD, EV 100.6 MPH)
|
Batting: LHB Chris Payling
|
0-0: Called Strike 0-1: Ball 1-1: Ground out 4-3 (Groundball, 4, EV 101.9 MPH) Ángelo Delgado to third
|
Batting: RHB Gil Andersen
|
0-0: Fly out, F8 (Line Drive, 8RM, EV 105.0 MPH)
|
Bottom of the 1st over - 1 run, 2 hits, 0 errors, 1 left on base; St. Louis 1 - Greenville 1 |
TOP OF THE 2ND |
St. Louis Coeur batting - Pitching for Greenville 84s : RHP Iván Vázquez
|
Batting: RHB Joe Mueller
|
0-0: Called Strike 0-1: Ball 1-1: SOLO HOME RUN (Flyball, 7LD, EV 101.2 MPH), Distance : 361 ft
|
Batting: LHB Harry Cornelis
|
0-0: Called Strike 0-1: Called Strike 0-2: Ball 1-2: Ball 2-2: Foul Ball, location: 2F 2-2: Fly out, F6 (Line Drive, 6, EV 61.2 MPH)
|
Batting: RHB Ik-jun Cho
|
0-0: Called Strike 0-1: SINGLE (Line Drive, 7S, EV 110.0 MPH)
|
Batting: RHB Jack Bonner
|
0-0: Ball 1-0: Ball 2-0: Foul Ball, location: 2F 2-1: Foul Ball, location: 2F 2-2: Fly out, F7 (Flyball, 78M, EV 74.4 MPH)
|
Batting: RHB Guillermo Coss
|
0-0: Ball 1-0: Called Strike 1-1: Foul Ball, location: 2F 1-2: Strikes out looking
|
Top of the 2nd over - 1 run, 2 hits, 0 errors, 1 left on base; St. Louis 2 - Greenville 1 |
BOTTOM OF THE 2ND |
Greenville 84s batting - Pitching for St. Louis Coeur : RHP Ernesto López
|
Batting: LHB Roberts Hamhock
|
0-0: Ball 1-0: Swinging Strike 1-1: Foul Ball, location: 2F 1-2: Strikes out swinging
|
Batting: RHB António Macías
|
0-0: Called Strike 0-1: Foul Ball, location: 2F 0-2: Ball 1-2: Ball 2-2: Ball 3-2: Foul Ball, location: 2F 3-2: Strikes out swinging
|
Batting: LHB Lung Chaim
|
0-0: Ball 1-0: Called Strike 1-1: Ball 2-1: SINGLE (Line Drive, 8RS, EV 88.1 MPH)
|
Batting: RHB Freedon Akinmoladun
|
0-0: Ball Lung Chaim steals 2nd base (no throw) 1-0: Called Strike 1-1: Swinging Strike 1-2: Fly out, F1 (Line Drive, P, EV 64.4 MPH)
|
Bottom of the 2nd over - 0 runs, 1 hit, 0 errors, 1 left on base; St. Louis 2 - Greenville 1 |
TOP OF THE 3RD |
St. Louis Coeur batting - Pitching for Greenville 84s : RHP Iván Vázquez
|
Batting: RHB Jaime Soto
|
0-0: Called Strike 0-1: Swinging Strike 0-2: Ball 1-2: Ball 2-2: Strikes out looking
|
Batting: LHB Qing-nian Zexian
|
0-0: Called Strike 0-1: Ball 1-1: Ball 2-1: Swinging Strike 2-2: SINGLE (Flyball, 56D, EV 90.0 MPH)
|
Batting: RHB Nobuhisa Murakami
|
0-0: SINGLE (Flyball, 7S, EV 94.4 MPH) Qing-nian Zexian to second
|
Batting: RHB Joel Iyiegbuniwe
|
0-0: SINGLE (Groundball, 3D, EV 94.4 MPH) Qing-nian Zexian to third Nobuhisa Murakami to second
|
Batting: RHB Joe Mueller
|
0-0: Foul Ball, location: 2F 0-1: Foul Ball, location: 2F 0-2: Strikes out looking
|
Batting: LHB Harry Cornelis
|
0-0: Ball 1-0: Fly out, F9 (Line Drive, 9, EV 98.8 MPH)
|
Top of the 3rd over - 0 runs, 3 hits, 0 errors, 3 left on base; St. Louis 2 - Greenville 1 |
BOTTOM OF THE 3RD |
Greenville 84s batting - Pitching for St. Louis Coeur : RHP Ernesto López
|
Batting: SHB Glyn Bolasky
|
0-0: Foul Ball, location: 2F 0-1: Ball 1-1: Foul Ball, location: 2F 1-2: Ball 2-2: Ball 3-2: Ground out 1-3 (Groundball, 34S, EV 88.1 MPH)
|
Batting: LHB Philip Visscher
|
0-0: Called Strike 0-1: Ball 1-1: Swinging Strike 1-2: Ball 2-2: Foul Ball, location: 2F 2-2: Ball 3-2: Base on Balls
|
Batting: RHB Ángelo Delgado
|
0-0: Ball 1-0: Swinging Strike 1-1: Ball 2-1: Grounds into double play, 5-4-3 (Groundball, 56, EV 104.4 MPH)
|
Bottom of the 3rd over - 0 runs, 0 hits, 0 errors, 0 left on base; St. Louis 2 - Greenville 1 |
TOP OF THE 4TH |
St. Louis Coeur batting - Pitching for Greenville 84s : RHP Iván Vázquez
|
Batting: RHB Ik-jun Cho
|
0-0: Ball 1-0: Called Strike 1-1: SINGLE (Groundball, 56D, EV 96.9 MPH)
|
Batting: RHB Jack Bonner
|
0-0: Ball 1-0: Ball 2-0: Called Strike 2-1: Ball 3-1: Grounds into double play, 6-4-3 (Groundball, 6, EV 93.1 MPH)
|
Batting: RHB Guillermo Coss
|
0-0: Ball 1-0: Ball 2-0: Called Strike 2-1: Ground out 3-1 (Groundball, 34, EV 103.8 MPH)
|
Top of the 4th over - 0 runs, 1 hit, 0 errors, 0 left on base; St. Louis 2 - Greenville 1 |
BOTTOM OF THE 4TH |
Greenville 84s batting - Pitching for St. Louis Coeur : RHP Ernesto López
|
Batting: LHB Chris Payling
|
0-0: Called Strike 0-1: Swinging Strike 0-2: Ball 1-2: Ball 2-2: Ball 3-2: SINGLE (Groundball, 56D, EV 95.6 MPH)
|
Batting: RHB Gil Andersen
|
0-0: SINGLE (Line Drive, 8LS, EV 111.2 MPH) Chris Payling to second
|
Batting: LHB Roberts Hamhock
|
0-0: Foul Ball, location: 2F 0-1: Foul Ball, location: 2F 0-2: Foul Ball, location: 2F 0-2: Strikes out swinging
|
Batting: RHB António Macías
|
0-0: Foul Ball, location: 2F 0-1: Swinging Strike 0-2: Ball 1-2: Strikes out swinging
|
Batting: LHB Lung Chaim
|
0-0: Called Strike 0-1: SINGLE (Line Drive, 78S, EV 108.8 MPH) Chris Payling to third Gil Andersen to second Runner from 3rd tries for Home, SAFE, no throw by LF
|
Batting: RHB Freedon Akinmoladun
|
0-0: Ball 1-0: Ball 2-0: Called Strike 2-1: SINGLE (Line Drive, 34D, EV 104.4 MPH) Gil Andersen to third Lung Chaim to second
|
Batting: SHB Glyn Bolasky
|
0-0: Called Strike 0-1: Called Strike 0-2: Ball 1-2: Strikes out looking
|
Bottom of the 4th over - 1 run, 4 hits, 0 errors, 3 left on base; St. Louis 2 - Greenville 2 |
TOP OF THE 5TH |
St. Louis Coeur batting - Pitching for Greenville 84s : RHP Iván Vázquez
|
Batting: RHB Jaime Soto
|
0-0: Ball 1-0: Foul Ball, location: 2F 1-1: Ball 2-1: Ball 3-1: Called Strike 3-2: Base on Balls
|
Batting: LHB Qing-nian Zexian
|
0-0: Called Strike 0-1: Fly out, F9 (Flyball, 89D, EV 110.0 MPH)
|
Batting: RHB Nobuhisa Murakami
|
0-0: Foul Ball, location: 2F 0-1: Grounds into double play, 5-4-3 (Groundball, 56, EV 106.9 MPH)
|
Top of the 5th over - 0 runs, 0 hits, 0 errors, 0 left on base; St. Louis 2 - Greenville 2 |
BOTTOM OF THE 5TH |
Greenville 84s batting - Pitching for St. Louis Coeur : RHP Ernesto López
|
Batting: LHB Philip Visscher
|
0-0: Swinging Strike 0-1: Foul Ball, location: 2F 0-2: Foul Ball, location: 2F 0-2: Ball 1-2: Foul Ball, location: 2F 1-2: Ground out 4-3 (Groundball, 4M, EV 78.8 MPH)
|
Batting: RHB Ángelo Delgado
|
0-0: Fly out, F9 (Flyball, 9LM, EV 99.4 MPH)
|
Batting: LHB Chris Payling
|
0-0: Foul Ball, location: 2F 0-1: Ball 1-1: Ball 2-1: Ground out 6-3 (Groundball, 6M, EV 83.8 MPH)
|
Bottom of the 5th over - 0 runs, 0 hits, 0 errors, 0 left on base; St. Louis 2 - Greenville 2 |
TOP OF THE 6TH |
St. Louis Coeur batting - Pitching for Greenville 84s : RHP Iván Vázquez
|
Batting: RHB Joel Iyiegbuniwe
|
0-0: Ball 1-0: Ball 2-0: Ball 3-0: Base on Balls
|
Batting: RHB Joe Mueller
|
0-0: Ball 1-0: Bunted foul 1-1: Ball 2-1: Sac Bunt to P - play at first, batter OUT! 1-4 Joel Iyiegbuniwe to second
|
Pitching: RHP Dave Lawson
|
|
Batting: LHB Harry Cornelis
|
0-0: Called Strike 0-1: Swinging Strike 0-2: Strikes out swinging
|
Batting: RHB Ik-jun Cho
|
0-0: Foul Ball, location: 2F 0-1: Ball 1-1: Ball 2-1: Swinging Strike 2-2: Ball 3-2: Base on Balls
|
Batting: RHB Jack Bonner
|
0-0: Swinging Strike 0-1: Ball 1-1: Foul Ball, location: 2F 1-2: Strikes out looking
|
Top of the 6th over - 0 runs, 0 hits, 0 errors, 2 left on base; St. Louis 2 - Greenville 2 |
BOTTOM OF THE 6TH |
Greenville 84s batting - Pitching for St. Louis Coeur : RHP Ernesto López
|
Batting: RHB Gil Andersen
|
0-0: Called Strike 0-1: Ground out 6-3 (Groundball, 56, EV 87.5 MPH)
|
Batting: LHB Roberts Hamhock
|
0-0: Fly out, F5 (Popup, 5SF, EV 71.2 MPH)
|
Batting: RHB António Macías
|
0-0: Ball 1-0: Swinging Strike 1-1: Fly out, F9 (Flyball, 9LSF, EV 81.9 MPH)
|
Bottom of the 6th over - 0 runs, 0 hits, 0 errors, 0 left on base; St. Louis 2 - Greenville 2 |
TOP OF THE 7TH |
St. Louis Coeur batting - Pitching for Greenville 84s : RHP Dave Lawson
|
Batting: RHB Guillermo Coss
|
0-0: Ball 1-0: Ground out 1-3 (Groundball, 34S, EV 75.6 MPH)
|
Batting: RHB Jaime Soto
|
0-0: Foul Ball, location: 2F 0-1: Ball 1-1: Swinging Strike 1-2: Ball 2-2: Strikes out swinging passed ball, reaches first!
|
Batting: LHB Qing-nian Zexian
|
0-0: Ball 1-0: Fly out, F7 (Line Drive, 7, EV 97.5 MPH)
|
Batting: RHB Nobuhisa Murakami
|
0-0: Fielders Choice at 2nd, 6-4 (Groundball, 6, EV 76.9 MPH)
|
Top of the 7th over - 0 runs, 0 hits, 0 errors, 1 left on base; St. Louis 2 - Greenville 2 |
BOTTOM OF THE 7TH |
Greenville 84s batting - Pitching for St. Louis Coeur : RHP Ernesto López
|
Pitching: RHP Marcel Bloemheuvel
|
|
Batting: LHB Lung Chaim
|
0-0: Ball 1-0: Called Strike 1-1: Fly out, F9 (Flyball, 9D, EV 100.6 MPH)
|
Batting: RHB Freedon Akinmoladun
|
0-0: Foul Ball, location: 2F 0-1: Ground out 5-3 (Groundball, 56, EV 88.1 MPH)
|
Batting: SHB Glyn Bolasky
|
0-0: Ball 1-0: Ball 2-0: Called Strike 2-1: Called Strike 2-2: Foul Ball, location: 2F 2-2: Foul Ball, location: 2F 2-2: Foul Ball, location: 2F 2-2: Foul Ball, location: 2F 2-2: Ball 3-2: Ground out 5-3 (Groundball, 5, EV 83.1 MPH)
|
Bottom of the 7th over - 0 runs, 0 hits, 0 errors, 0 left on base; St. Louis 2 - Greenville 2 |
TOP OF THE 8TH |
St. Louis Coeur batting - Pitching for Greenville 84s : RHP Dave Lawson
|
Batting: RHB Joel Iyiegbuniwe
|
0-0: Ball 1-0: Called Strike 1-1: Ball 2-1: Foul Ball, location: 2F 2-2: Strikes out looking
|
Batting: RHB Joe Mueller
|
0-0: Ball 1-0: Foul Ball, location: 2F 1-1: Fly out, F8 (Line Drive, 8LD, EV 88.1 MPH)
|
Batting: LHB Harry Cornelis
|
0-0: Ball 1-0: Called Strike 1-1: Fly out, F8 (Flyball, 8LS, EV 92.5 MPH)
|
Top of the 8th over - 0 runs, 0 hits, 0 errors, 0 left on base; St. Louis 2 - Greenville 2 |
BOTTOM OF THE 8TH |
Greenville 84s batting - Pitching for St. Louis Coeur : RHP Marcel Bloemheuvel
|
Pitching: LHP Denie Ulderink
|
|
Batting: LHB Philip Visscher
|
0-0: Ball 1-0: Ground out 1-3 (Groundball, 23, EV 88.8 MPH)
|
Batting: RHB Ángelo Delgado
|
0-0: Foul Ball, location: 2F 0-1: Ball 1-1: Ball 2-1: Fly out, F2 (Popup, 2LF, EV 86.9 MPH)
|
Batting: LHB Chris Payling
|
0-0: Ball 1-0: Ball 2-0: Called Strike 2-1: Ball 3-1: Foul Ball, location: 2F 3-2: SINGLE (Flyball, 89M, EV 89.4 MPH)
|
Batting: RHB Gil Andersen
|
0-0: Ball 1-0: Ball 2-0: Foul Ball, location: 2F 2-1: Foul Ball, location: 2F 2-2: Ball 3-2: Foul Ball, location: 2F 3-2: SINGLE (Groundball, 56D, EV 97.5 MPH) Chris Payling to second Chris Payling to third
|
Batting: LHB Roberts Hamhock
|
0-0: Called Strike 0-1: Ball Wild Pitch! Chris Payling scores Gil Andersen to second 1-1: Foul Ball, location: 2F 1-2: Strikes out swinging
|
Bottom of the 8th over - 1 run, 2 hits, 0 errors, 1 left on base; St. Louis 2 - Greenville 3 |
TOP OF THE 9TH |
St. Louis Coeur batting - Pitching for Greenville 84s : RHP Dave Lawson
|
Pinch Hitting: LHB Tillmam Cru
|
0-0: Called Strike 0-1: Swinging Strike 0-2: Ball 1-2: Strikes out looking
|
Batting: RHB Jack Bonner
|
0-0: Foul Ball, location: 2F 0-1: Swinging Strike 0-2: Ball 1-2: Strikes out swinging
|
Batting: RHB Guillermo Coss
|
0-0: Called Strike 0-1: Ball 1-1: Ball 2-1: SINGLE (Line Drive, 9S, EV 104.4 MPH)
|
Batting: RHB Jaime Soto
|
0-0: Ball 1-0: Ground out U3 (Groundball, 3S, EV 81.2 MPH)
|
Top of the 9th over - 0 runs, 1 hit, 0 errors, 1 left on base; St. Louis 2 - Greenville 3 |
|